 Dungeon Crawl Stone Soup version 0.31.0-7-gf635a9b802 (webtiles) character file.

Game seed: 16184014144306767266

505 olmar the Digger (level 6, -1/45 HPs)
             Began as a Demigod Earth Elementalist on Jan 24, 2024.
             Slain by an adder (2 damage)
             ... on level 5 of the Dungeon.
             The game lasted 00:04:57 (4053 turns).

olmar the Digger (Demigod Earth Elementalist)       Turns: 4053, Time: 00:04:58

Health: -1/45      AC:  4    Str:  9    XL:     6   Next: 64%
Magic:  16/16      EV: 12    Int: 25    God:
Gold:   192        SH:  0    Dex: 14    Spells: 3/14 levels left

rFire   + . .        l - +2 great mace (protect)
rCold   . . .        (shield currently unavailable)
rNeg    . . .        a - +0 robe
rPois   .            g - +0 helmet
rElec   .            (no cloak)
rCorr   .            i - +0 pair of gloves
SInv    .            (no boots)
Will    .....        (no amulet)
Stlth   ++           e - ring of protection from fire
HPRegen 0.27/turn    (no ring)
MPRegen 0.15/turn

%: no passive effects
@: lethally poisoned (-1 -> -5)
A: high MP 1, forlorn, divine attributes
a: no special abilities


You were on level 5 of the Dungeon.
You visited 1 branch of the dungeon, and saw 5 of its levels.

You collected 192 gold pieces.

Inventory:

Hand Weapons
 l - a +2 great mace of protection (weapon)
 r - a +2 dagger of venom
Missiles
 s - 5 poisoned darts
 u - 6 atropa-tipped darts
Armour
 a - a +0 robe (worn)
 g - a +0 helmet (worn)
 i - a +0 pair of gloves (worn)
Jewellery
 e - a ring of protection from fire (left hand)
Scrolls
 d - 2 scrolls of teleportation {unknown}
 f - 3 scrolls of silence {unknown}
 h - a scroll of noise {unknown}
 j - 2 scrolls of poison
 k - a scroll of amnesia {unknown}
 o - a scroll of enchant armour {unknown}
 q - a scroll of fear {unknown}
 t - a scroll of torment {unknown}
 v - a scroll of vulnerability
Potions
 b - a potion of magic
 c - a potion of resistance
 m - 4 potions of might
 n - a potion of mutation
 p - 3 potions of cancellation


   Skills:
 - Level 0.2 Fighting
 - Level 1.7 Dodging
 - Level 1.7 Stealth
 + Level 4.5 Spellcasting
 + Level 1.2 Conjurations
 + Level 5.4 Earth Magic


You had 3 spell levels left.
You knew the following spells:

 Your Spells              Type           Power      Damage    Failure   Level
a - Sandblast             Erth           64%        2d14      1%          1
b - Stone Arrow           Conj/Erth      44%        3d9       7%          3
c - Passwall              Erth           32%        N/A       2%          3
d - Brom's Barrelling Bo  Conj/Erth      22%        2d4       22%         4

Your spell library contained the following spells:

 Spells                   Type           Power      Damage    Failure   Level
 Inner Flame              Hex/Fire       5%         N/A       26%         3
 Animate Armour           Summ/Erth      38%        N/A       28%         4
 Petrify                  Alch/Erth      19%        N/A       28%         4
 Irradiate                Conj/Alch      4%         3d13      88%         5
 Ignition                 Fire           2%         3d3       100%        8
 Lehudib's Crystal Spear  Conj/Erth      11%        10d4      100%        8


Dungeon Overview and Level Annotations

Branches:
Dungeon (5/15)
 Temple: D:4-7

Annotations:
D:4 Edmund


Innate Abilities, Weirdness & Mutations

You have an increased reservoir of magic. (+10% MP)
You shall have no god before yourself.
Your divine heritage dramatically boosts your attributes as you level up.


Message History

The quokka closely misses you. The adder barely misses you.
The quokka bites you but does no damage.
The adder bites you.
You are poisoned.
The adder poisons you! The quokka bites you.
Unknown command.
Casting: Sandblast (safe; 1% risk of failure)
Confirm with . or Enter, or press ? or * to list all spells.
Aiming: Sandblast (safe; 1% risk of failure)
Press: ? - help, Shift-Dir - straight line, f/p - adder
Aim: an adder (heavily wounded, 73% to hit)
The blast of sand hits the adder.
The adder is almost dead.
You feel very sick. The adder completely misses you. The quokka bites you.
The adder bites you.
* * * LOW HITPOINT WARNING * * *
You are more poisoned.
The adder poisons you!
Okay, then.
Casting: Sandblast (safe; 1% risk of failure)
Confirm with . or Enter, or press ? or * to list all spells.
Aiming: Sandblast (safe; 1% risk of failure)
Press: ? - help, Shift-Dir - straight line, f/p - adder
Aim: an adder (almost dead, 73% to hit)
The blast of sand misses the adder.
You feel very sick. The quokka misses you.
The adder bites you but does no damage. The quokka bites you.
* * * LOW HITPOINT WARNING * * *
The adder bites you.
* * * LOW HITPOINT WARNING * * *
Unknown command.
Okay, then.
Okay, then.
Magic courses through your body.
* * * LOW HITPOINT WARNING * * *
You feel sick. The quokka bites you.
* * * LOW HITPOINT WARNING * * *
The adder bites you.
You die...

.... #.............
#... #..........r..
#..# #.............
#..####....# ..:.
##><##....####..
#.....<...###.#
#.......##..##..##
........###.....r##
###...#.###.####@.#
##..#..#..#
#S.......
...###...###
##.#.#.#. ###.
#.....# .! .. #.
#.#.......#.# #.#
....##........ .
..... #...#.#.#
..##... ..)..... .
#..# ..#.#.


You could see an adder and a quokka.

Vanquished Creatures
  Grinder (D:4)
  2 scorpions (D:4)
  An orc priest (D:4)
  An orc wizard (D:4)
  Robin (D:2)
  2 adders (D:2)
  A white imp (D:4)
  4 dart slugs
  2 ribbon worms (D:3)
  9 orcs
  4 ball pythons
  4 bats
  4 endoplasms
  A giant cockroach (D:2)
  10 goblins
  9 hobgoblins
  8 jackals
  A quokka (D:1)
  2 frilled lizards
  6 kobolds
  5 rats
78 creatures vanquished.

Notes
Turn   | Place    | Note
-------+----------+-------------------------------------------
     0 | D:1      | olmar the Demigod Earth Elementalist began the quest for
                  | the Orb.
     0 | D:1      | Reached XP level 1. HP: 14/14 MP: 5/5
   185 | D:1      | Reached skill level 3 in Earth Magic
   491 | D:1      | Reached XP level 2. HP: 20/20 MP: 4/7
  1214 | D:2      | Reached XP level 3. HP: 25/26 MP: 6/8
  1218 | D:2      | Learned a level 3 spell: Stone Arrow
  1599 | D:3      | Noticed Robin
  1631 | D:2      | Killed Robin
  1716 | D:3      | Reached XP level 4. HP: 32/33 MP: 1/10
  1720 | D:3      | Reached skill level 4 in Earth Magic
  2104 | D:3      | Learned a level 3 spell: Passwall
  2619 | D:4      | Reached XP level 5. HP: 38/38 MP: 7/12
  3399 | D:4      | Noticed Grinder
  3405 | D:4      | Paralysed by Grinder for 3 turns
  3408 | D:4      | Killed Grinder
  3409 | D:4      | Reached skill level 1 in Conjurations
  3409 | D:4      | Reached skill level 5 in Earth Magic
  3409 | D:4      | Reached XP level 6. HP: 28/45 MP: 4/15
  3414 | D:4      | Learned a level 4 spell: Brom's Barrelling Boulder
  3723 | D:4      | Noticed Edmund
  3872 | D:5      | Entered Level 5 of the Dungeon
  4053 | D:5      | HP: 1/45 [quokka (4)]
  4053 | D:5      | Slain by an adder

Illustrated notes

Levels and vault maps discovered:
D:1:      sevenhm_arrival_forest_fort_small_3, layout_loops_ring,
          shapermc_ecumenical_altar_gd
D:2:      layout_rooms
D:3:      layout_rooms, mainiacjoe_overflow_24_doors, uniq_robin
D:4:      layout_basic, kennysheep_okawaru_gauntlet, ebering_ghost_inner_flame,
          uniq_grinder, uniq_edmund
D:5:      layout_layer_cave, minmay_temple_entry_statues_fountains,
          grunt_decor_fettered, hex_medium, corexii_shack,
          minmay_misc_feat_plants, kennysheep_generic_room_8

Skill      XL: |  1  2  3  4  5 |
---------------+----------------+-----
Earth Magic    | 3 4 5 |  5.4
Spellcasting   | 2 3 4 |  4.5
Conjurations   | 1 |  1.2
Fighting       | |  0.2
Dodging        | |  1.7
Stealth        | |  1.7

Action                     |  1- 3 |  4- 6 || total
---------------------------+-------+-------++-------
  Melee: Great mace        |     2 |    24 ||    26
   Cast: Sandblast         |    57 |    46 ||   103
         Stone Arrow       |       |    19 ||    19
    Use: Scroll            |     2 |     4 ||     6
         Potion            |       |     3 ||     3
 Armour: Robe              |    19 |    60 ||    79
  Dodge: Dodged            |    25 |    51 ||    76
